[Event "Team 45 45 League T36"]
[Site "Internet Chess Club"]
[Date "2008.02.09"]
[Round "3"]
[White "carolinaknight"]
[Black "knight2f3"]
[Result "0-1"]
[WhiteElo "1314"]
[BlackElo "1368"]
[Opening "Sicilian: Smith-Morra gambit"]
[ECO "B21"]
[Time "19:05:28"]
[TimeControl "2700+45"]

1. e4 c5 2. d4 cxd4 3. c3 dxc3 4. Nxc3 d6 5. Bc4 e6 6. Nge2 Nc6 7. O-O Nf6 8.
Bg5 Be7 9. Ng3 O-O 10. Rb1 a6 11. Bd3 b5 12. Nce2 Bb7 13. Nf4 Nd7 14. Bxe7 Qxe7
15. Qg4 Nce5 16. Qe2 Nf6 17. h3 Rfd8 18. Rfd1 d5 19. Bc2 Rac8 20. exd5 exd5 21.
Nf5 Qc7 22. Rd2 Nc4 23. Ne7+ Kf8 24. Nxc8 Nxd2 25. Qxd2 Rxc8 26. Rc1 Qe5 27. Nd3
Qd6 28. a3 d4 29. Bb3 Rxc1+ 30. Qxc1 Qc6 31. Qxc6 Bxc6 32. Ne5 Bd5 33. Bxd5 Nxd5
34. Nd7+ Ke7 35. Nc5 Kd6 36. Nd3 a5 37. Kf1 b4 38. a4 Nb6 39. b3 Kd5 40. Ke2 Nd7
41. Nf4+ Ke4 42. g3 Nc5 43. f3+ Kf5 44. Nd3 Nxb3 45. g4+ Ke6 46. Nf4+ Ke5 47.
Nd3+ Kd5 48. Nf4+ Kc4 49. Nd3 Kc3 50. f4 Kc2 51. f5 Nc1+ 52. Nxc1 Kxc1 {White
resigns} 0-1

[Event "Team 45 45 League T36"]
[Site "Internet Chess Club"]
[Date "2008.02.10"]
[Round "3"]
[White "squeege"]
[Black "WzeroMN"]
[Result "1-0"]
[WhiteElo "1120"]
[BlackElo "1116"]
[Opening "French: exchange variation"]
[ECO "C01"]
[Time "20:02:03"]
[TimeControl "2700+45"]

1. e4 e6 2. d4 d5 3. exd5 exd5 4. Nf3 Nf6 5. Bd3 Be7 6. O-O O-O 7. Ng5 c5 8. c3
cxd4 9. cxd4 Nc6 10. Nf3 Bg4 11. Be3 Qb6 12. Be2 Qxb2 13. Nbd2 Bxf3 14. Nxf3 Qa3
15. Bc1 Qd6 16. a3 Ng4 17. Bb2 a6 18. Qd3 Qg6 19. Qd2 Qd6 20. h3 Nf6 21. Ne5 Nd7
22. Qf4 Qf6 23. Qg3 Qg5 24. Qxg5 Bxg5 25. Nxd7 Rfd8 26. Ne5 Bf6 27. Nf3 Re8 28.
Rfe1 Na5 29. Bd3 Kf8 30. Rxe8+ Rxe8 31. Re1 Rxe1+ 32. Nxe1 Nc6 33. Nf3 a5 34.
Ne5 Ne7 35. Nd7+ Ke8 36. Nxf6+ gxf6 37. Bxh7 f5 38. g4 Kf8 39. gxf5 Kg7 40. f6+
Kxf6 41. Bd3 Nc6 42. Kg2 Kg5 43. Kg3 f5 44. Bc1+ Kg6 45. Be3 Ne7 46. h4 Kg7 47.
Bg5 Nc6 48. Bxf5 Nxd4 49. Bd3 Ne6 50. Kg4 Nxg5 51. Kxg5 b6 52. h5 Kg8 53. Kg6 d4
54. Bc4+ Kh8 55. f4 b5 56. Bxb5 d3 57. Bxd3 a4 58. Bb5 Kg8 59. Bxa4 Kh8 60. Bc6
Kg8 61. a4 Kh8 62. a5 Kg8 63. a6 Kh8 64. a7 {Black resigns} 1-0

[Event "Team 45 45 League T36"]
[Site "Internet Chess Club"]
[Date "2008.02.10"]
[Round "3"]
[White "bmw2002"]
[Black "Ocho-Cinco"]
[Result "0-1"]
[WhiteElo "1659"]
[BlackElo "1769"]
[Opening "English, 1...Nf6 (Anglo-Indian defense)"]
[ECO "A15"]
[Time "20:16:37"]
[TimeControl "2700+45"]

1. c4 Nf6 2. g3 d5 3. cxd5 Nxd5 4. Bg2 Nc6 5. Nc3 e6 6. Nf3 Be7 7. O-O Nxc3 8.
bxc3 e5 9. d3 Be6 10. Be3 O-O 11. Qc2 f5 12. Rab1 Rb8 13. Rfd1 Qe8 14. Ng5 Bxg5
15. Bxg5 f4 16. Bxc6 Qxc6 17. f3 Qc5+ 18. Kg2 fxg3 19. hxg3 e4 20. Bc1 exf3+ 21.
exf3 Qh5 22. Qf2 Bh3+ 23. Kg1 Rxf3 24. Qh2 Qg4 25. Bf4 Rxf4 {White resigns} 0-1

[Event "Team 45 45 League T36"]
[Site "Internet Chess Club"]
[Date "2008.02.09"]
[Round "3"]
[White "Tyler"]
[Black "Luckydawg"]
[Result "0-1"]
[WhiteElo "1402"]
[BlackElo "1671"]
[Opening "Pirc: classical (two knights) system"]
[ECO "B08"]
[Time "08:03:35"]
[TimeControl "2700+45"]

1. e4 d6 2. d4 Nf6 3. Nc3 g6 4. Nf3 Bg7 5. Bc4 Nc6 6. Be3 O-O 7. O-O a6 8. a4
Bg4 9. h3 Bc8 10. Qd2 Nxe4 11. Nxe4 d5 12. Bxd5 Qxd5 13. Nc3 Qd8 14. Rad1 b6 15.
d5 Ne5 16. Nxe5 Bxe5 17. Bd4 Bxd4 18. Qxd4 Bf5 19. Rc1 Qd6 20. Rfe1 Rfe8 21. b3
Rad8 22. Red1 Qf6 23. Qc4 Rd7 24. Qxa6 Qxc3 25. Qb5 Red8 26. Kh2 Qe5+ 27. g3
Rxd5 28. Rxd5 Qxd5 29. Qxd5 Rxd5 30. Re1 Rd2 31. Kg2 Kf8 32. c4 Bc2 33. b4 Bxa4
34. c5 bxc5 35. bxc5 Bc6+ 36. Kg1 Bd5 37. Rc1 c6 38. Kf1 Rd4 39. Rb1 Rc4 40.
Rb8+ Kg7 41. Re8 e6 42. Rd8 Rxc5 43. Kg1 Rc1+ 44. Kh2 Rh1# {White checkmated}
0-1

[Event "Team 45 45 League T36"]
[Site "Internet Chess Club"]
[Date "2008.02.10"]
[Round "3"]
[White "bajerk"]
[Black "Zyme"]
[Result "0-1"]
[WhiteElo "1336"]
[BlackElo "1433"]
[Opening "French defense"]
[ECO "C00"]
[Time "11:01:35"]
[TimeControl "2700+45"]

1. e4 e6 2. Nf3 d5 3. exd5 exd5 4. d4 Bd6 5. h3 Ne7 6. g4 Be6 7. a3 Nbc6 8. Nc3
Qd7 9. Nb5 O-O-O 10. Nxd6+ Qxd6 11. Ng5 Ng6 12. c3 Rhe8 13. Be3 h6 14. Nxe6 Rxe6
15. Qd2 Na5 16. Qc2 Nf4 17. O-O-O Nc4 18. Bxc4 dxc4 19. Qf5 Nd3+ 20. Kc2 Qb6 21.
Rxd3 cxd3+ 22. Qxd3 Qc6 23. Qf1 Qa4+ 24. Kb1 Rb6 25. Bc1 Qxa3 26. Qc4 Qe7 27.
Be3 Qe4+ {White resigns} 0-1

[Event "Team 45 45 League T36"]
[Site "Internet Chess Club"]
[Date "2008.02.09"]
[Round "3"]
[White "GrandPoobah069"]
[Black "Rookmaster"]
[Result "0-1"]
[WhiteElo "1683"]
[BlackElo "1622"]
[Opening "Sicilian: Alapin's variation (2.c3)"]
[ECO "B22"]
[Time "19:56:17"]
[TimeControl "2700+45"]

1. e4 c5 2. c3 g6 3. d4 cxd4 4. cxd4 d5 5. exd5 Nf6 6. Bc4 Nxd5 7. Nf3 Bg7 8.
O-O O-O 9. Nc3 Nb6 10. Bb3 Nc6 11. d5 Na5 12. Bf4 Nxb3 13. Qxb3 Bxc3 14. bxc3
Qxd5 15. Rfd1 Qxb3 16. axb3 Bg4 17. Rd3 Rfd8 18. Re3 Nd5 19. Re4 Bxf3 20. gxf3
Nxf4 21. Rxf4 Rd3 22. Rc1 Rc8 23. Re4 Rcxc3 24. Ra1 Rxb3 25. Rxa7 e6 26. f4 Rb1+
27. Kg2 h5 28. Rc4 h4 29. h3 Rb2 30. Ra1 Rg3+ 31. Kf1 Rxh3 32. Raa4 Rf3 33. f5
Rfxf2+ 34. Ke1 Rxf5 35. Rxh4 Rh5 36. Rxh5 gxh5 37. Ra5 f5 38. Ra3 Kf7 39. Rh3
Kg6 40. Rg3+ Kf6 41. Rg8 f4 42. Rh8 Kg5 43. Re8 Kf5 44. Rh8 Ke4 45. Rxh5 e5 46.
Kf1 b5 47. Ke1 Kd4 48. Rh3 e4 49. Kf1 f3 50. Rh8 Ke3 51. Kg1 f2+ 52. Kh2 f1=Q+
{White resigns} 0-1

[Event "Team 45 45 League T36"]
[Site "Internet Chess Club"]
[Date "2008.02.11"]
[Round "3"]
[White "Endgamer"]
[Black "BraafPaard"]
[Result "0-1"]
[WhiteElo "1534"]
[BlackElo "1566"]
[Opening "Ruy Lopez: Steinitz defense deferred (Russian defense)"]
[ECO "C79"]
[Time "14:04:52"]
[TimeControl "2700+45"]

1. e4 e5 2. Nf3 Nc6 3. Bb5 a6 4. Ba4 d6 5. O-O Nf6 6. Re1 Bg4 7. d3 h6 8. Nc3 b5
9. Bb3 Na5 10. Nd5 Nxb3 11. axb3 Be7 12. Bd2 O-O 13. Ba5 Nxd5 14. exd5 Qd7 15.
c4 Rfc8 16. Bb4 f5 17. Qe2 Bxf3 18. Qxf3 Rf8 19. Qe2 Bf6 20. Ra2 c6 21. dxc6
Qxc6 22. Qe3 f4 23. Qe4 Qxe4 24. dxe4 Rfd8 25. Rd1 Be7 26. Rd5 Kf7 27. f3 Ke6
28. Ra3 bxc4 29. bxc4 Rdb8 30. Bc3 Rc8 31. b3 Rc5 32. Bb4 Rxd5 33. cxd5+ Kd7 34.
Be1 Kc7 35. Bf2 Kb7 36. Ra4 a5 37. Kf1 Bd8 38. Ke2 Bb6 39. Be1 g5 40. g3 Ka6 41.
Rc4 Bc5 42. Kd3 Kb5 43. Ra4 Ra6 44. gxf4 exf4 45. h3 Ra8 46. Bc3 Ra7 47. e5 dxe5
48. Bxe5 Rd7 49. Ke4 Bb4 50. Ra1 Bd6 51. Bxd6 Rxd6 52. Ke5 Rd8 53. Rc1 Kb4 54.
d6 Kxb3 55. Rc7 a4 56. d7 a3 57. Rb7+ Kc2 58. Rc7+ Kb2 59. Rb7+ Kc2 60. Ke6 Ra8
61. Rc7+ Kd2 62. Ke7 a2 63. Rc8 Rxc8 64. dxc8=Q a1=Q 65. Qd7+ Ke3 66. Qe6+ Kxf3
67. Qc6+ Kg3 68. Kf7 f3 69. Qe4 Qa7+ 70. Kg6 Qd7 71. Kxh6 Qxh3+ 72. Kxg5 f2 73.
Qd3+ Kg2 74. Qe4+ Qf3 75. Qc2 Kg1 76. Qc5 Kh1 77. Qc8 f1=Q 78. Qh8+ Kg1 79. Qd4+
Q1f2 80. Qa1+ Kg2 81. Kg6 Q2g3+ 82. Kh6 Qff4+ 83. Kh7 Qfh4# {White checkmated}
0-1

[Event "Team 45 45 League T36"]
[Site "Internet Chess Club"]
[Date "2008.02.11"]
[Round "3"]
[White "chesskix"]
[Black "Dostoy"]
[Result "1-0"]
[WhiteElo "1581"]
[BlackElo "1629"]
[Opening "English opening"]
[ECO "A05"]
[Time "19:02:22"]
[TimeControl "2700+45"]

1. Nf3 Nf6 2. c4 e6 3. Nc3 d5 4. b3 c5 5. d3 Nc6 6. Bd2 Be7 7. g3 d4 8. Ne4 Nxe4
9. dxe4 e5 10. Qb1 O-O 11. Bg2 Bg4 12. O-O Qd7 13. Re1 a5 14. a4 Bh3 15. Bh1 f5
16. Ng5 f4 17. Nxh3 Qxh3 18. Bg2 Qh5 19. Bf3 Qh3 20. Bg2 Qe6 21. Qd3 Nd8 22. Rf1
Nf7 23. gxf4 exf4 24. Bxf4 Ng5 25. Bg3 Kh8 26. e5 Ra7 27. Kh1 b6 28. f4 Nh3 29.
f5 Qh6 30. e6 Bg5 31. Be5 Be3 32. Bxh3 Qxh3 33. Rf3 Qg4 34. Raf1 Re7 35. Rg3 Qh4
36. Rff3 Qh5 37. Bd6 Qe8 38. Bxe7 Qxe7 39. Qe4 Bg5 40. Qc6 Qd8 41. Qd7 Qf6 42.
Qd6 Bh4 43. Rg1 Qh6 44. Qxf8# {Black checkmated} 1-0

[Event "Team 45 45 League T36"]
[Site "Internet Chess Club"]
[Date "2008.02.08"]
[Round "3"]
[White "okun"]
[Black "DonPacheco"]
[Result "0-1"]
[WhiteElo "1551"]
[BlackElo "1584"]
[Opening "Réti: King's Indian attack (Barcza system)"]
[ECO "A07"]
[Time "19:03:43"]
[TimeControl "2700+45"]

1. Nf3 d5 2. g3 Nf6 3. Bg2 c6 4. O-O Bf5 5. d3 h6 6. Nbd2 e6 7. Re1 Be7 8. e4
dxe4 9. dxe4 Nxe4 10. Nxe4 Qxd1 11. Rxd1 Bxe4 12. c3 O-O 13. Bf4 Rd8 14. Re1 Bd5
15. b3 Nd7 16. c4 Bxf3 17. Bxf3 Nf6 18. Rad1 Rxd1 19. Rxd1 Rd8 20. Rxd8+ Bxd8
21. Bd6 Ne8 22. Bc5 Bb6 23. Bxb6 axb6 24. Kf1 Nc7 25. b4 Kf8 26. Ke2 Ke7 27. a4
Kd6 28. Kd3 Ke5 29. b5 cxb5 30. axb5 Ne8 31. Bxb7 Nd6 32. Bc6 Nf5 33. f4+ Kd6
34. Be4 Kc5 35. Kc3 Nd6 36. Bd3 g5 37. fxg5 hxg5 38. h4 gxh4 39. gxh4 f5 40. h5
Nf7 41. Kd2 Kd4 42. Ke2 Nh6 43. Kd2 e5 44. Bf1 e4 45. Ke2 f4 46. Kf2 Nf7 47. Kg2
Kc5 48. Kh3 Nh6 49. Kg2 Nf5 50. Kf2 Kd4 51. Bh3 e3+ 52. Kf3 Nh4+ 53. Ke2 f3+ 54.
Ke1 Ng2+ 55. Kf1 e2+ 56. Kf2 e1=Q+ 57. Kxf3 {White resigns} 0-1

[Event "Team 45 45 League T36"]
[Site "Internet Chess Club"]
[Date "2008.02.11"]
[Round "3"]
[White "fileman"]
[Black "Vitruvian"]
[Result "1-0"]
[WhiteElo "1877"]
[BlackElo "1835"]
[Opening "Alekhine's defense: four pawns attack"]
[ECO "B03"]
[Time "13:04:45"]
[TimeControl "2700+45"]

1. e4 Nf6 2. e5 Nd5 3. d4 d6 4. c4 Nb6 5. f4 dxe5 6. fxe5 c5 7. d5 e6 8. Nc3
exd5 9. cxd5 c4 10. Nf3 Bb4 11. Bxc4 Bg4 12. O-O O-O 13. Bb3 N8d7 14. Bf4 Nc5
15. d6 Nxb3 16. Qxb3 Bc5+ 17. Kh1 Be6 18. Qb5 Rc8 19. Rfd1 a6 20. Qd3 Bc4 21.
Qe4 h6 22. Nd4 Qd7 23. Nf5 Kh8 24. Ne7 Rcd8 25. Bxh6 gxh6 26. Qh4 Qe6 27. Ne4
Rxd6 28. exd6 {Black resigns} 1-0

[Event "Team 45 45 League T36"]
[Site "Internet Chess Club"]
[Date "2008.02.11"]
[Round "3"]
[White "QueensCounselor"]
[Black "hondocando"]
[Result "1/2-1/2"]
[WhiteElo "1812"]
[BlackElo "1603"]
[Opening "Benoni: 6.e4"]
[ECO "A65"]
[Time "14:04:52"]
[TimeControl "2700+45"]

1. d4 Nf6 2. c4 e6 3. Nc3 c5 4. d5 exd5 5. cxd5 d6 6. e4 Bg4 7. f3 Bh5 8. Bb5+
Nfd7 9. Nge2 a6 10. Qa4 Be7 11. O-O O-O 12. Bf4 f6 13. Bxd7 Nxd7 14. Qc2 b5 15.
Ng3 Bg6 16. b3 Nb6 17. Qd2 b4 18. Nd1 Nd7 19. Ne3 Qb6 20. Nc4 Qc7 21. Rfe1 h5
22. Nf5 Bxf5 23. exf5 Ne5 24. Rad1 Kf7 25. Bxe5 fxe5 26. Nxe5+ dxe5 27. d6 Bxd6
28. Qxd6 Qxd6 29. Rxd6 Rfd8 30. Rxd8 Rxd8 31. Rxe5 Rd1+ 32. Kf2 Rd2+ 33. Re2
Rxe2+ 34. Kxe2 Kf6 35. g4 h4 36. Kd3 Ke5 37. Ke3 a5 38. f4+ Kd5 39. Kd3 a4 40.
g5 axb3 41. axb3 h3 42. f6 gxf6 43. gxf6 Ke6 44. Kc4 Kxf6 45. Kxc5 Kf5 46. Kxb4
Kxf4 47. Kc5 Kf3 48. b4 Kg2 49. b5 Kxh2 50. b6 Kg2 51. b7 h2 52. b8=Q h1=Q 53.
Qb7+ Kh2 54. Qxh1+ Kxh1 {Game drawn because neither player has mating material}
1/2-1/2

[Event "Team 45 45 League T36"]
[Site "Internet Chess Club"]
[Date "2008.02.16"]
[Round "3"]
[White "Fegary"]
[Black "miltools"]
[Result "1-0"]
[WhiteElo "1992"]
[BlackElo "1846"]
[Opening "Sicilian: chameleon variation"]
[ECO "B23"]
[Time "14:37:01"]
[TimeControl "2700+45"]

1. e4 c5 2. Nc3 Nc6 3. Nge2 d6 4. Nf4 Nf6 5. Bc4 g6 6. d3 Bg7 7. a3 O-O 8. f3 a6
9. h4 b5 10. Ba2 b4 11. axb4 Nxb4 12. Bb3 e6 13. Be3 Bb7 14. h5 Qc7 15. Nxe6
fxe6 16. Bxe6+ Rf7 17. hxg6 hxg6 18. d4 cxd4 19. Bxd4 Re8 20. Bxf7+ Qxf7 21. O-O
Nc6 22. Ra4 Nxd4 23. Rxd4 Nh5 24. Rxd6 Be5 25. Rd7 Qf4 26. Rxb7 Qh2+ 27. Kf2
Qg3+ 28. Ke3 Qg5+ 29. Kd3 Rd8+ 30. Nd5 Nf4+ 31. Kc4 Nxd5 32. exd5 Qf4+ 33. Kb3
Bg7 34. Qe2 Qd4 35. Qe6+ {Black resigns} 1-0

[Event "Team 45 45 League T36"]
[Site "Internet Chess Club"]
[Date "2008.02.10"]
[Round "3"]
[White "Razorbackchess"]
[Black "qs16"]
[Result "0-1"]
[WhiteElo "1784"]
[BlackElo "1835"]
[Opening "Modern defense: Averbakh system"]
[ECO "A10"]
[Time "07:00:29"]
[TimeControl "2700+45"]

1. c4 g6 2. d4 Bg7 3. Nc3 d6 4. e4 c6 5. Nf3 Bg4 6. Be2 Bxf3 7. Bxf3 Qb6 8. d5
Nf6 9. Rb1 O-O 10. O-O Nfd7 11. Be3 Qc7 12. Qd2 Ne5 13. Be2 cxd5 14. cxd5 Nc4
15. Bxc4 Qxc4 16. Qe2 Rc8 17. f3 Bd4 18. Bxd4 Qxd4+ 19. Qf2 Qd3 20. Rfc1 Nd7 21.
Qc2 Qe3+ 22. Qf2 Qd3 23. Qc2 Qa6 24. a3 Ne5 25. Qe2 Rxc3 {White resigns} 0-1

[Event "Team 45 45 League T36"]
[Site "Internet Chess Club"]
[Date "2008.02.09"]
[Round "3"]
[White "Mater"]
[Black "pishd"]
[Result "0-1"]
[WhiteElo "1711"]
[BlackElo "1801"]
[Opening "Dutch defense, Rubinstein variation"]
[ECO "A40"]
[Time "10:01:03"]
[TimeControl "2700+45"]

1. d4 e6 2. c4 f5 3. Nc3 Nf6 4. Nf3 Bb4 5. g3 Bxc3+ 6. bxc3 d6 7. Bg2 O-O 8. O-O
Nc6 9. Ba3 Re8 10. Nd2 e5 11. e4 exd4 12. cxd4 fxe4 13. Bb2 d5 14. cxd5 Qxd5 15.
a3 Bf5 16. Re1 Rad8 17. Bf1 Kh8 18. Bc4 Qd6 19. Nb3 Be6 20. Be2 b6 21. Bb5 Bd7
22. Bc4 Nb8 23. Qc2 Be6 24. Be2 Bd5 25. Rac1 c6 26. Nd2 b5 27. Nf1 Qe6 28. Ne3
a6 29. Qd1 Bb3 30. Qd2 Nd5 31. Ng4 Nd7 32. Qa5 Ra8 33. Kg2 N5f6 34. h3 Nxg4 35.
Bxg4 Qd6 36. Qc3 Bd5 37. Re3 Nb6 38. Ree1 Nc4 39. Kf1 e3 40. fxe3 Qxg3 41. e4
Rf8+ 42. Ke2 Qf2+ {White resigns} 0-1

[Event "Team 45 45 League T36"]
[Site "Internet Chess Club"]
[Date "2008.02.06"]
[Round "3"]
[White "scottrugby"]
[Black "oldsj"]
[Result "1-0"]
[WhiteElo "1505"]
[BlackElo "1548"]
[Opening "Scotch gambit: Dubois-Réti defense"]
[ECO "C55"]
[Time "20:01:18"]
[TimeControl "2700+45"]

1. e4 e5 2. Nf3 Nc6 3. d4 exd4 4. Bc4 Nf6 5. e5 d5 6. Bb5 Ne4 7. Nxd4 Bd7 8.
Nxc6 bxc6 9. Bd3 Bc5 10. Bxe4 dxe4 11. Nc3 Bf5 12. Qe2 O-O 13. Nxe4 Bd4 14. Ng3
Bg6 15. O-O Bb6 16. Be3 Re8 17. Bxb6 cxb6 18. Kh1 Qd4 19. f4 Qxb2 20. f5 Rxe5
21. Qd3 Bxf5 22. Nxf5 Rae8 23. Nd6 Rd8 24. Nc4 Rxd3 25. Nxb2 Rd8 26. Rad1 Rde8
27. Nd3 Re2 28. Rc1 f6 29. Rfe1 c5 30. Red1 Kf7 31. Nf4 R2e4 32. g3 g5 33. Rd7+
R4e7 34. Rxe7+ Rxe7 35. Nd5 Rd7 36. c4 Rd6 37. Kg2 Re6 38. Kf3 f5 39. Ne3 Kg6
40. g4 f4 41. Nd5 Kf7 42. Rh1 Kg6 43. h4 h6 44. h5+ Kf7 45. a4 Rd6 46. Re1 Re6
47. Rb1 Kf8 48. a5 bxa5 49. Rb5 a4 50. Ra5 Rd6 51. Rxa7 Rc6 52. Rxa4 Kf7 53.
Ra7+ Kf8 54. Rc7 Rxc7 55. Nxc7 Ke7 56. Ke4 Kd6 57. Nb5+ Ke6 58. Nc3 Kd6 59. Nd5
Ke6 60. Nc7+ Kd6 61. Ne8+ Ke6 62. Ng7+ Kf7 63. Nf5 Kg8 64. Nxh6+ Kh7 65. Nf5 Kg8
66. Kd5 f3 67. Kxc5 {Black resigns} 1-0

[Event "Team 45 45 League T36"]
[Site "Internet Chess Club"]
[Date "2008.02.07"]
[Round "3"]
[White "AlPearson"]
[Black "Rhel"]
[Result "0-1"]
[WhiteElo "1461"]
[BlackElo "1487"]
[Opening "English: symmetrical variation"]
[ECO "A37"]
[Time "15:06:29"]
[TimeControl "2700+45"]

1. c4 c5 2. Nf3 Nc6 3. Nc3 g6 4. g3 Bg7 5. Bg2 b6 6. O-O Bb7 7. d3 Nf6 8. a3 O-O
9. Rb1 Rb8 10. Qc2 d5 11. cxd5 Nxd5 12. Bd2 Nxc3 13. bxc3 Qd7 14. c4 Rfd8 15. a4
a5 16. Rfd1 Nb4 17. Qb3 Bc6 18. Qa3 Bxa4 19. Rf1 Bc6 20. Bc3 Bxc3 21. Qxc3 Qb7
22. Qe5 e6 23. Qg5 Kg7 24. h4 Rf8 25. h5 h6 26. Qh4 Bxf3 27. Bxf3 g5 28. Qh3 Qe7
29. g4 f6 30. Be4 f5 31. gxf5 exf5 32. Bxf5 Qf6 33. Bg6 Rb7 34. f3 Re7 35. Rf2
a4 36. Rbf1 Qf4 37. Be4 a3 38. Re1 Qe3 39. Kh2 Qxf2+ {White resigns} 0-1

[Event "Team 45 45 League T36"]
[Site "Internet Chess Club"]
[Date "2008.02.10"]
[Round "3"]
[White "CLEAN"]
[Black "Zyme"]
[Result "0-1"]
[WhiteElo "1289"]
[BlackElo "1443"]
[Opening "Réti opening"]
[ECO "A05"]
[Time "17:05:57"]
[TimeControl "2700+45"]

1. Nf3 Nf6 2. e3 g6 3. Nc3 Bg7 4. d4 O-O 5. Bd3 d6 6. O-O Nbd7 7. a4 e5 8. d5
Nc5 9. e4 Nxd3 10. Qxd3 Nh5 11. Bg5 f6 12. Bd2 f5 13. Bg5 fxe4 14. Qxe4 Nf6 15.
Qh4 Bf5 16. Bh6 Nh5 17. Qxd8 Raxd8 18. Bxg7 Kxg7 19. h3 Bxc2 20. Ng5 Rde8 21.
Nb5 Rf5 22. Ne6+ Kh6 23. g4 Ng3 24. gxf5 Nxf1 25. Kxf1 Bxf5 26. Kg2 Bxe6 27.
Nxc7 Bxd5+ 28. Nxd5 e4 29. Re1 Re5 30. Nf6 Kg7 31. f4 exf3+ 32. Kf2 Rxe1 33.
Kxe1 Kxf6 34. Kf2 a5 35. Kxf3 Kf5 36. Ke3 Ke5 37. Kd3 d5 38. b3 h6 39. Kc3 Ke4
40. b4 axb4+ 41. Kxb4 d4 42. Kc4 Ke3 43. a5 d3 {White resigns} 0-1

[Event "Team 45 45 League T36"]
[Site "Internet Chess Club"]
[Date "2008.02.08"]
[Round "3"]
[White "t-hobbes"]
[Black "supraholic"]
[Result "1-0"]
[WhiteElo "1341"]
[BlackElo "1254"]
[Opening "QGD: 6.Nf3"]
[ECO "D55"]
[Time "00:02:45"]
[TimeControl "2700+45"]

1. d4 d5 2. c4 e6 3. Nc3 Nf6 4. Bg5 Be7 5. e3 O-O 6. Nf3 b6 7. Bf4 Bb7 8. Nb5
Bd6 9. Nxd6 cxd6 10. Be2 Nh5 11. Bg5 f6 12. Bh4 dxc4 13. Bxc4 Bxf3 14. Bxe6+ Kh8
15. Qxf3 Nd7 16. Qxh5 {Black resigns} 1-0

[Event "Team 45 45 League T36"]
[Site "Internet Chess Club"]
[Date "2008.02.11"]
[Round "3"]
[White "CoasterBrake"]
[Black "WannaB"]
[Result "1-0"]
[WhiteElo "1131"]
[BlackElo "1141"]
[Opening "English: symmetrical variation"]
[ECO "A34"]
[Time "20:03:57"]
[TimeControl "2700+45"]

1. c4 c5 2. Nc3 Nf6 3. g3 d5 4. cxd5 Nbd7 5. Bg2 Nb6 6. e4 e6 7. dxe6 fxe6 8. e5
Nfd5 9. Nxd5 exd5 10. Nf3 Be7 11. O-O O-O 12. b3 c4 13. Bb2 cxb3 14. axb3 Be6
15. d4 a5 16. Ba3 Bxa3 17. Rxa3 Qe7 18. Qc1 h6 19. Ra1 a4 20. bxa4 Nxa4 21. Nh4
Nb6 22. Ng6 Qg5 23. Nxf8 Rxf8 24. Qxg5 hxg5 25. Ra7 Rb8 26. Rb1 Nc4 27. Rbxb7
Rxb7 28. Rxb7 Na5 29. Re7 Bf7 30. e6 Bg6 31. Bxd5 Kf8 32. Ra7 Be4 33. Rxa5 Bxd5
34. Rxd5 Ke7 35. Rxg5 Kf6 36. Rg4 g6 37. Re4 {Black resigns} 1-0

[Event "Team 45 45 League T36"]
[Site "Internet Chess Club"]
[Date "2008.02.09"]
[Round "3"]
[White "malihini"]
[Black "scottrugby"]
[Result "1/2-1/2"]
[WhiteElo "1305"]
[BlackElo "1498"]
[Opening "Colle system"]
[ECO "A46"]
[Time "11:03:11"]
[TimeControl "2700+45"]

1. d4 Nf6 2. Nf3 e6 3. e3 c5 4. c3 d5 5. Bd3 Nc6 6. O-O Bd6 7. Nbd2 O-O 8. Re1
a6 9. e4 Be7 10. e5 Nd7 11. Nf1 cxd4 12. cxd4 f6 13. Qc2 f5 14. Qd2 Bb4 15. Qg5
Bxe1 16. Qxd8 Rxd8 17. Bg5 Rf8 18. Rxe1 Nb4 19. Bb1 b5 20. Be7 Nc6 21. Bxf8 Nxf8
22. Rc1 Bb7 23. a3 h6 24. h4 Ng6 25. g3 a5 {Game drawn by mutual agreement}
1/2-1/2

[Event "Team 45 45 League T36"]
[Site "Internet Chess Club"]
[Date "2008.02.10"]
[Round "3"]
[White "Cataclysm"]
[Black "Riddari"]
[Result "0-1"]
[WhiteElo "1247"]
[BlackElo "1357"]
[Opening "Sicilian"]
[ECO "B54"]
[Time "14:57:23"]
[TimeControl "2700+45"]

1. e4 c5 2. Nf3 d6 3. d4 cxd4 4. Nxd4 a6 5. Nc3 Nd7 6. Bc4 e6 7. Nxe6 fxe6 8.
Bxe6 Qf6 9. Qh5+ g6 10. Qd5 Ne7 11. Bf7+ Qxf7 12. Qxf7+ Kxf7 13. Bf4 Nc6 14. Rd1
Nce5 15. Nd5 b5 16. O-O Bb7 17. Rfe1 Bxd5 18. Rxd5 Re8 19. Bg3 Nb6 20. f4 Nxd5
21. fxe5 Nb6 22. Rf1+ Ke6 23. Rf6+ Kd7 24. exd6 Rxe4 25. Rf7+ Ke8 26. Rb7 Nd7
27. Ra7 Re2 28. Ra8+ Kf7 29. Rxa6 Rxc2 30. Ra7 Ke6 31. Ra8 Rxb2 32. Re8+ Kf7 33.
Rd8 Nb6 34. Be5 Rg8 35. Bxb2 Bg7 36. Rxg8 Kxg8 37. Kf2 Bxb2 38. Ke3 Kf7 39. Ke4
Ke6 {White resigns} 0-1

[Event "Team 45 45 League T36"]
[Site "Internet Chess Club"]
[Date "2008.02.09"]
[Round "3"]
[White "otib2006"]
[Black "Gomer"]
[Result "1-0"]
[WhiteElo "1421"]
[BlackElo "1171"]
[Opening "Ruy Lopez: modern Steinitz defense"]
[ECO "C71"]
[Time "13:06:31"]
[TimeControl "2700+45"]

1. e4 e5 2. Nf3 Nc6 3. Bb5 a6 4. Ba4 d6 5. h3 Nf6 6. O-O Nxe4 7. Bxc6+ bxc6 8.
d4 Be7 9. dxe5 O-O 10. Re1 d5 11. Nd4 Bd7 12. Bf4 Bg5 13. Bxg5 Qxg5 14. Nf3 Qg6
15. Nbd2 Bxh3 16. g3 Nxg3 17. Nh4 Qg5 18. Ndf3 Qg4 19. Kh2 Nf5 20. Rg1 Qf4+ 21.
Kxh3 Nxh4 22. Nxh4 Qxe5 23. Qg4 g6 24. f4 Qxb2 25. f5 Kh8 26. fxg6 Qc3+ 27. Kh2
Qxc2+ 28. Kh1 Qe4+ 29. Qxe4 dxe4 30. g7+ Kg8 31. gxf8=Q+ Kxf8 32. Rg4 e3 33.
Rag1 Ra7 34. Re4 c5 35. Rxe3 Rb7 36. Rge1 Rb4 37. Nf5 c4 38. Re4 f6 39. Re6 Kf7
40. Re7+ Kg6 41. Nh4+ Kg5 42. Nf3+ Kg4 43. Nd4 c3 44. R1e4+ Kh3 45. Re3+ Kg4 46.
R7e4+ Kh5 47. Rh3+ Kg6 48. Rg4+ Kf7 49. Rxh7+ Kf8 50. Ne6+ {Black resigns} 1-0

[Event "Team 45 45 League T36"]
[Site "Internet Chess Club"]
[Date "2008.02.10"]
[Round "3"]
[White "tmac63"]
[Black "gilalva"]
[Result "1-0"]
[WhiteElo "1051"]
[BlackElo "1036"]
[Opening "Ruy Lopez: Berlin defense, 4.O-O"]
[ECO "C65"]
[Time "21:06:54"]
[TimeControl "2700+45"]

1. e4 e5 2. Nf3 Nc6 3. Bb5 Nf6 4. O-O d5 5. Nc3 Bb4 6. d4 Bxc3 7. bxc3 Bd7 8.
dxe5 Nxe4 9. Qxd5 Nxc3 10. Qd3 Nxb5 11. Qxb5 Nd4 12. Qd3 Bf5 13. Qxd4 Qe7 14.
Bf4 O-O 15. Bg5 Qd7 16. c3 Qxd4 17. cxd4 h6 18. Bf4 Bd3 19. Rfd1 Be2 20. Rd2
Bxf3 21. gxf3 g5 22. Bg3 f5 23. f4 g4 24. Rb1 Rab8 25. d5 b6 26. Rc1 Rb7 27. Bh4
Rc8 28. Rcd1 h5 29. d6 cxd6 30. Rxd6 Rc3 31. Rd8+ Kh7 32. e6 Rh3 33. R1d7+ Rxd7
34. Rxd7+ Kg8 35. e7 Kf7 36. Bg5 Ke8 37. Rd8+ Kf7 38. e8=Q+ Kg7 39. Rd7# {Black
checkmated} 1-0

[Event "Team 45 45 League T36"]
[Site "Internet Chess Club"]
[Date "2008.02.08"]
[Round "3"]
[White "killer21"]
[Black "BadHabitMarco"]
[Result "1-0"]
[WhiteElo "2225"]
[BlackElo "2013"]
[Opening "Sicilian"]
[ECO "B50"]
[Time "14:06:51"]
[TimeControl "2700+45"]

1. e4 c5 2. Nf3 d6 3. Ng1 Nf6 4. Nf3 Nxe4 5. Bb5+ Bd7 6. Bc4 e6 7. O-O d5 8. Be2
Be7 9. d3 Nf6 10. Ne5 Qc7 11. f4 Bd6 12. Nxd7 Nbxd7 13. Nc3 a6 14. a4 O-O 15.
Qe1 Rfe8 16. Qf2 e5 17. Bf3 e4 18. dxe4 Nxe4 19. Nxd5 Nxf2 20. Nxc7 Bxc7 21.
Kxf2 Rab8 22. Be3 b6 23. Bc6 Re7 24. Bxd7 Rxd7 25. Rfd1 Rbd8 26. Rxd7 Rxd7 27.
Kf3 c4 28. b3 cxb3 29. cxb3 Kf8 30. Rc1 Ke7 31. Rc6 b5 32. Rxa6 bxa4 33. Bc5+
Ke8 34. Ra8+ Rd8 35. Ra7 Bd6 36. Bxd6 Rxd6 37. bxa4 g6 38. a5 Rd4 39. a6 Kf8 40.
Rc7 Ra4 41. a7 Kg7 42. Ke3 Kf6 43. Kd3 h5 44. Kc3 Kg7 45. Kb3 Ra6 46. Kb4 Ra1
47. Kb5 Rb1+ 48. Kc6 Rc1+ 49. Kb7 Rb1+ 50. Kc8 Ra1 51. Kb8 {Black resigns} 1-0